 Dungeon Crawl Stone Soup version 0.32-a0-799-g95e1662365 (webtiles) character file.

Game seed: 4445651567854703356

131 cforsyth the Chopper (level 4, 0/40 HPs)
             Began as a Mountain Dwarf Cinder Acolyte on Mar 22, 2024.
             Was a High Priest of Ignis.
             Slain by an ice beast (2 damage)
             ... on level 3 of the Dungeon.
             The game lasted 00:03:51 (2643 turns).

cforsyth the Chopper (MDCA)                         Turns: 2643, Time: 00:03:51

Health: 0/40       AC:  6    Str: 19    XL:     4   Next: 91%
Magic:  1/6        EV:  7    Int: 14    God:    Ignis [*****.]
Gold:   170        SH:  7    Dex: 11    Spells: 4/6 levels left

rFire   + . .        a - -1 hand axe (flame)
rCold   . . .        f - +0 kite shield
rNeg    . . .        g - +0 scale mail
rPois   .            (no helmet)
rElec   .            (no cloak)
rCorr   +            (no gloves)
SInv    .            (no boots)
Will    .....        (no amulet) Stlth
                     D - +6 ring of dexterity
HPRegen 0.26/turn    R - ring of resist corrosion
MPRegen 0.10/turn

%: no passive effects
@: no status effects
A: runic magic, artefact enchanting
a: Renounce Religion, Fiery Armour, Foxfire Swarm, Rising Flame


You were on level 3 of the Dungeon.
You worshipped Ignis.
Ignis was extremely pleased with you.
You visited 1 branch of the dungeon, and saw 3 of its levels.

You collected 170 gold pieces.


Innate Abilities, Weirdness & Mutations

Your spellcasting is much less encumbered by armour.
You can use scrolls of enchantment on lesser artefacts.


   Skills:
 + Level 4.0 Fighting
 + Level 4.4 Axes
 + Level 1.8 Armour
 + Level 1.3 Shields
 + Level 1.7 Spellcasting
 + Level 4.3 Fire Magic


You had 4 spell levels left.
You knew the following spells:

 Your Spells              Type           Power      Damage    Failure   Level
X - Scorch                Fire           26%        2d6       24%         2

Your spell library contained the following spells:

 Spells                   Type           Power      Damage    Failure   Level
 Blink                    Tloc           2%         N/A       80%         2
 Lesser Beckoning         Tloc           2%         N/A       80%         2
 Momentum Strike          Conj/Tloc      2%         3d8       80%         2

Inventory:

Hand Weapons
 a - a -1 hand axe of flaming (weapon)
Armour
 f - a +0 kite shield (worn)
 g - a +0 scale mail (worn)
Jewellery
 h - an amulet of guardian spirit
 D - a +6 ring of dexterity (left hand)
 R - a ring of resist corrosion (right hand)
Wands
 m - a wand of iceblast (9)
Scrolls
 b - 2 scrolls of fog {unknown}
 c - 2 scrolls of identify {unknown}
 d - a scroll of blinking {unknown}
 e - 3 scrolls of vulnerability {unknown}
 l - a scroll of teleportation {unknown}
Potions
 i - a potion of berserk rage {unknown}
 j - a potion of resistance {unknown}
 k - a potion of mutation {unknown}
 n - a potion of curing {unknown}

Dungeon Overview and Level Annotations

Branches:
Dungeon (3/15)

Altars:

Annotations:
D:3 1 runed translucent door, sh4w's ghost, amateur MDFi

........# ###.....#
#......#
..#.....#####......#
#.#.....+ .........#
#.#.....# #.......#
#.#.....#
#..)....### #.#
###.........# #.#
.......Y....# #.#
.......@....### #.#
....###.......# #.#
# #.#####.# #.#
#.###.#####.# #.#
#...........# #.#
######.#####... #.#
####..###.......#
..#
####.#.#.##..#######
#####.#..#...#..##


You could see an ice beast (combustible).


Message History

The ice beast hits you but does no damage.
You hit the ice beast but do no damage.
The ice beast is almost dead.
The ice beast hits you. The ice beast freezes you!
The ice beast barely misses you.
You barely miss the ice beast.
The ice beast is almost dead.
The ice beast hits you. The ice beast freezes you!
* * * LOW HITPOINT WARNING * * *
You closely miss the ice beast.
The ice beast is almost dead.
The ice beast hits you but does no damage.
You hit the ice beast but do no damage.
The ice beast is almost dead.
The ice beast hits you.
* * * LOW HITPOINT WARNING * * *
The ice beast freezes you!
* * * LOW HITPOINT WARNING * * *
You closely miss the ice beast.
The ice beast is almost dead.
You block the ice beast's attack. x2
You hit the ice beast but do no damage.
The ice beast is almost dead.
The ice beast hits you but does no damage.
Unknown command.
You barely miss the ice beast.
The ice beast is almost dead.
The ice beast hits you.
You die...
Ignis goes out, and joins you in death.

Skill      XL: |  1  2  3  4 |
---------------+-------------+-----
Armour         | 1 |  1.8
Axes           | 4 |  4.4
Fire Magic     | 4 |  4.3
Shields        | 1 |  1.3
Fighting       | 4 |  4.0
Spellcasting   | |  1.7

Action                     |  1- 3 |  4- 6 || total
---------------------------+-------+-------++-------
  Melee: Hand axe          |   165 |    55 ||   220
   Cast: Scorch            |     5 |    11 ||    16
 Armour: Robe              |    46 |       ||    46
         Scale mail        |   101 |    36 ||   137
  Dodge: Dodged            |    54 |    20 ||    74
  Block: Kite shield       |    38 |    21 ||    59

Levels and vault maps discovered:
D:1:      dpeg_arrival_prison, layout_basic, serial_glass, glass_columns_b,
          glass_columns_c, serial_bayou_crossing
D:2:      layout_rooms, shapermc_ecumenical_altar_mp_highgroup
D:3:      minmay_spotlight, layout_basic, ebering_ghost_sewer_f

Notes
Turn   | Place    | Note
-------+----------+-------------------------------------------
     0 | D:1      | cforsyth the Mountain Dwarf Cinder Acolyte began the quest
                  | for the Orb.
     0 | D:1      | Reached XP level 1. HP: 19/19 MP: 2/2
   249 | D:1      | Reached XP level 2. HP: 26/26 MP: 3/3
   252 | D:1      | Learned a level 2 spell: Scorch
   314 | D:1      | HP: 2/26 [ball python (3)]
   663 | D:1      | Reached skill level 1 in Armour
  1100 | D:2      | Reached XP level 3. HP: 31/31 MP: 5/5
  1127 | D:2      | Reached skill level 4 in Axes
  1128 | D:2      | Found a faded altar of an unknown god.
  1137 | D:2      | Reached skill level 4 in Fire Magic
  1742 | D:2      | Reached XP level 4. HP: 40/40 MP: 6/6
  1931 | D:3      | Reached skill level 1 in Shields
  2423 | D:3      | Found a runed translucent door.
  2423 | D:3      | Noticed a bullfrog
  2428 | D:3      | Noticed sh4w's ghost (amateur MDFi)
  2563 | D:3      | Reached skill level 4 in Fighting
  2629 | D:3      | Noticed an ice beast
  2640 | D:3      | HP: 1/40 [ice beast (11)]
  2643 | D:3      | Slain by an ice beast

Vanquished Creatures
  An orc priest (D:3)
  2 adders (D:2)
  7 orcs
  10 ball pythons
  9 endoplasms
  6 giant cockroaches
  3 goblins
  8 hobgoblins
  3 jackals (D:2)
  5 kobolds
  A quokka (D:2)
  4 bats
  2 frilled lizards (D:2)
  9 rats
70 creatures vanquished.

Table legend: (Time is in decaauts)
 A = Elapsed time spent in this place.
 B = Non-inter-level travel time spent in this place.
 C = Inter-level travel time spent in this place.
 D = Time resting spent in this place.
 E = Time spent auto-exploring this place.
 F = Levels seen in this place.
 G = Mean time per level.
                   A        B        C        D        E       F      G
               +--------+--------+--------+--------+--------+-----+--------+
         Total |   2698 |   2598 |    100 |    122 |   1892 |   3 |  899.3 |
       Dungeon |   2698 |   2598 |    100 |    122 |   1892 |   3 |  899.3 |
               +--------+--------+--------+--------+--------+-----+--------+

Top non-repeatable levels by time:
     D:1: 1071 daAuts
     D:2: 902 daAuts
     D:3: 724 daAuts

Table legend:
 A = Non-vault XP
 B = Vault XP
 C = Vault XP percentage of total XP
 D = Non-vault monster count
 E = Vault monster count
 F = Vault count percentage of total count
                 A         B        C        D         E       F
            +---------+---------+-------+---------+---------+-------
      Total |     180 |       8 |   4.3 |      65 |       5 |   7.1
            +---------+---------+-------+---------+---------+-------
        D:1 |      35 |       3 |   7.9 |      21 |       3 |  12.5
        D:2 |      73 |       0 |   0.0 |      29 |       0 |   0.0
        D:3 |      72 |       5 |   6.5 |      15 |       2 |  11.8
            +---------+---------+-------+---------+---------+-------
